 Dungeon Crawl Stone Soup version 0.19.5 (webtiles) character file.

51 Enroth the Charmwright (level 3, -2/25 HPs)
             Began as a High Elf Skald on Mar 27, 2017.
             Killed by divine providence
             ... invoked by an orc priest
              (12 damage)
             ... on level 4 of the Dungeon.
             The game lasted 00:04:40 (2010 turns).

Enroth the Charmwright (High Elf Skald)             Turns: 2010, Time: 00:04:40

Health: -2/25      AC:  8    Str: 11    XL:     3   Next: 58%
Magic:  7/7        EV:  5    Int: 15    God:
Gold:   74         SH:  0    Dex: 16    Spells: 1 memorised, 6 levels left

rFire  . . .     SeeInvis .     a - +0 falchion
rCold  . . .     Gourm    .     l - +0 chain mail
rNeg   . . .     Faith    .     (no shield)
rPois  .         Spirit   .     (no helmet)
rElec  .         Reflect  .     (no cloak)
rCorr  .         Harm     .     (no gloves)
MR     .....                    (no boots)
Stlth  ..........               (no amulet)
                                (no ring)
                                (no ring)

@: no status effects
A: no striking features
a: no special abilities


You were on level 4 of the Dungeon.
You were hungry.

You visited 1 branch of the dungeon, and saw 4 of its levels.

You collected 74 gold pieces.

Inventory:

Hand Weapons
 a - a +0 falchion (weapon)
Armour
 b - a +0 leather armour
 l - a +0 chain mail (worn)
Scrolls
 e - 3 scrolls of identify {unknown}
 f - 2 scrolls of noise {unknown}
 h - a scroll of recharging {unknown}
 i - a scroll of blinking {unknown}
 j - 4 scrolls of remove curse {unknown}
 k - 3 scrolls of fog {unknown}
 m - a scroll of enchant weapon {unknown}
 o - 2 scrolls of amnesia {unknown}
 p - a scroll of random uselessness {unknown}
 t - a scroll of teleportation {unknown}
Potions
 g - a potion of haste {unknown}
 q - a potion of heal wounds
 r - a potion of degeneration {unknown}
 s - a potion of brilliance {unknown}
Books
 c - a book of Battle

   Spells                             Type                      Level
   a - Infusion                       Charms                       1
   b - Shroud of Golubria             Charms/Translocation         2
   c - Song of Slaying                Charms                       2
   d - Spectral Weapon                Hexes/Charms                 3
   e - Regeneration                   Charms/Necromancy            3
Comestibles
 d - 3 bread rations
 n - a meat ration


   Skills:
 + Level 2.4 Fighting
 * Level 3.3 Long Blades
 * Level 2.0 Armour
 + Level 1.3 Dodging
 - Level 2.5 Spellcasting
 - Level 3.7 Charms


You had 6 spell levels left.
You knew the following spells:

 Your Spells              Type           Power        Failure   Level  Hunger
a - Infusion              Chrm           ##..         100%        1    #......


Dungeon Overview and Level Annotations

Branches:
Dungeon (4/15)
 Temple: D:4-7

Altars:

Annotations:
D:3 Agorwal's ghost, amateur MiBe


Message History

The orc priest hits you but does no damage.
You hit the orc priest but do no damage.
The orc priest is moderately wounded.
The orc priest hits you but does no damage.
You barely miss the orc priest.
The orc priest is moderately wounded.
The orc priest hits you but does no damage.
You hit the orc priest but do no damage.
The orc priest is moderately wounded.
The orc priest calls down the wrath of Beogh upon you.
Beogh smites you!
Your chain mail prevents you from hitting the orc priest.
The orc priest is moderately wounded.
The orc priest calls down the wrath of Beogh upon you.
Pain shoots through your body!
You hit the orc priest.
The orc priest is severely wounded.
The orc priest mumbles some strange prayers to Beogh against you.
Beogh smites you!
You die...

#####)#.### #.#
#....<....# #.#
#.#####.#.###.#
# ..#.#...#.#
... #.###.#.#
...###.#.....#
...# #.#Z#
###.# #.#o# .#
#.#@# #...#
#####


You could see an orc priest and a bullfrog skeleton.

Vanquished Creatures
  A worm (D:2)
  2 dart slugs (D:2)
  4 orcs (D:4)
  A ball python (D:3)
  3 giant cockroaches
  3 goblins
  4 hobgoblins
  4 jackals (D:3)
  5 bats
  3 frilled lizards
  4 kobolds
  3 rats
37 creatures vanquished.

Notes
Turn   | Place    | Note
-------+----------+-------------------------------------------
     0 | D:1      | Enroth the High Elf Skald began the quest for the Orb.
     0 | D:1      | Reached XP level 1. HP: 14/14 MP: 4/4
   322 | D:1      | Reached skill level 1 in Armour
   412 | D:1      | Reached XP level 2. HP: 9/19 MP: 6/6
  1433 | D:2      | Reached XP level 3. HP: 24/25 MP: 7/7
  1719 | D:3      | Noticed Agorwal's ghost (amateur MiBe)
  2010 | D:4      | Killed from afar by an orc priest

Skill      XL: |  1  2  3 |
---------------+----------+-----
Armour         | 1 2 |  2.0
Long Blades    | 3 |  3.3
Fighting       | |  2.4
Dodging        | |  1.3
Spellcasting   | |  2.5
Charms         | |  3.7

Action                   || total
-------------------------++-------
Melee: Falchion          ||   159
 Cast: Infusion          ||     1
  Use: Potion            ||     1
  Eat: Chunk             ||     3
Armor: Leather armour    ||     6
       Chain mail        ||   109
Dodge: Dodged            ||    50
       Rpst.: Falchion   ||    14
